 Dungeon Crawl Stone Soup version 0.22-a0-396-g3f858e3 (webtiles) character file.

110 VajrapaniSR the Chucker (level 4, 0/30 HPs)
             Began as an Octopode Hunter on May 3, 2018.
             Succumbed to an adder's poison
             ... on level 5 of the Dungeon.
             The game lasted 00:04:40 (528 turns).

VajrapaniSR the Chucker (Octopode Hunter)            Turns: 528, Time: 00:04:41

Health: 0/30       AC:  1    Str: 11    XL:     4   Next: 91%
Magic:  4/4        EV: 14    Int: 13    God:
Gold:   9          SH:  0    Dex: 13    Spells: 3/3 levels left

rFire    . . .     SeeInvis .     - Unarmed
rCold    . . .     Gourm    .   (no shield)
rNeg     . . .     Faith    .   (helmet restricted)
rPois    .         Spirit   .   (no amulet)
rElec    .         Reflect  .   (no ring)
rCorr    .         Harm     .   (no ring)
MR       .....                  (no ring)
Stlth    +++.......             (no ring)
HPRegen  0.10/turn              (no ring)
MPRegen  0.09/turn              (no ring)
                                (no ring)
                                (no ring)

@: lethally poisoned (0 -> -5)
A: almost no armour, stealthy swim, amphibious, 8 rings, constrict 8, camouflage
1, gelatinous body 1
a: no special abilities


You were on level 5 of the Dungeon.
You were not hungry.

You visited 1 branch of the dungeon, and saw 4 of its levels.

You collected 9 gold pieces.

Inventory:

Missiles
 b - 6 javelins
 c - a throwing net (quivered)
 e - 64 stones
Comestibles
 d - 2 rations {@w1}
 f - 4 chunks of flesh


   Skills:
 + Level 2.7 Fighting
 - Level 4.0 Throwing
 + Level 2.8 Dodging
 + Level 3.1 Stealth
 * Level 2.5 Unarmed Combat


You had 3 spell levels left.
You didn't know any spells.

Dungeon Overview and Level Annotations

Branches:
Dungeon (3/15)

Altars:
Xom


Innate Abilities, Weirdness & Mutations

You cannot wear most types of armour.
You are very stealthy in the water. (Stealth+)
You are amphibious.
You can wear up to eight rings at the same time.
You can use your tentacles to constrict eight enemies at once.
Your skin changes colour to match your surroundings (Stealth+).
Your rubbery body absorbs attacks. (AC +1, EV +1)


Message History

You constrict the adder.
You kill the adder!
* * * LOW HITPOINT WARNING * * *
You feel sick.
Unknown command.
You aren't carrying any potions.
* * * LOW HITPOINT WARNING * * *
You feel sick.
As you read the scroll labeled LAMURE SOAL, it crumbles to dust.
It is a scroll of amnesia.
You feel forgetful for a moment.
* * * LOW HITPOINT WARNING * * *
You feel sick.
You see here a scroll labeled VUZUTZ VOFIE.
* * * LOW HITPOINT WARNING * * *
You feel sick.
* * * LOW HITPOINT WARNING * * *
You feel sick.
Unknown command.
You die...

#. ##.....## .
#..#.......#.#
#..#.......#.#
......_††...#
.#.....).#.#
#....?..#
##.....## #####
..####.####......
#.........@...#
###########...#
####


There were no monsters in sight!

Vanquished Creatures
  An orc priest (D:3)
  Terence (D:2)
  2 adders
  An ooze (D:1)
  A worm (D:5)
  A dart slug (D:1)
  5 orcs (D:3)
  A giant cockroach (D:1)
  2 goblins (D:1)
  4 hobgoblins
  3 bats (D:1)
  2 frilled lizards (D:1)
  2 kobolds
  A rat (D:1)
27 creatures vanquished.

Notes
Turn   | Place    | Note
-------+----------+-------------------------------------------
     0 | D:1      | VajrapaniSR the Octopode Hunter began the quest for the Orb.
     0 | D:1      | Reached XP level 1. HP: 14/14 MP: 1/1
    67 | D:1      | Reached XP level 2. HP: 10/19 MP: 2/2
    78 | D:1      | Reached skill level 1 in Unarmed Combat
   311 | D:2      | Noticed Terence
   317 | D:2      | Reached XP level 3. HP: 16/25 MP: 3/3
   333 | D:2      | Killed Terence
   333 | D:2      | Reached XP level 4. HP: 9/30 MP: 4/4
   504 | D:3      | You fall through a shaft for 2 floors!
   504 | D:5      | Entered Level 5 of the Dungeon
   504 | D:5      | Found a shimmering altar of Xom.
   514 | D:5      | Noticed an ice beast
   526 | D:5      | HP: 1/30 [poisoned by an adder]
   528 | D:5      | Succumbed to an adder's poison

Vault maps used:
D:1:      eino_arrival_water_star
D:2:      nicolae_ashenzari_panopticon, makhleb_blood_cavern_becter,
          first_ration, uniq_robin, uniq_terence
D:3:      lemuel_upstairs_altar, okawaru_gym_becter, item_on_display_a
D:5:      kb_forest_paths, old_standard_altar, kennysheep_little_box,
          gup_sewer_entry_bubbles

Skill      XL: |  1  2  3  4 |
---------------+-------------+-----
Unarmed Combat | 1 2 |  2.5
Stealth        | 2 3 |  3.1
Fighting       | |  2.7
Throwing       | |  4.0
Dodging        | |  2.8

Action                   |  1- 3 |  4- 6 || total
-------------------------+-------+-------++-------
Melee: Short sword       |    43 |    14 ||    57
       Constrict         |     9 |     6 ||    15
       Tentacles         |     7 |     4 ||    11
       Unarmed           |       |     4 ||     4
Throw: Javelin           |     3 |       ||     3
       Throwing net      |     1 |       ||     1
  Use: Scroll            |       |     1 ||     1
 Stab: Sleeping          |     5 |     2 ||     7
       Held in net/web   |     1 |       ||     1
Armor: Skin              |     4 |       ||     4
Dodge: Dodged            |    25 |     9 ||    34

Table legend:
 A = Spawn XP
 B = Non-spawn XP
 C = Spawn XP percentage of total XP
 D = Spawn monster count
 E = Non-spawn monster count
 F = Spawn count percentage of total count
 G = Total turns spent on level
                    A         B        C        D         E        F      G
               +---------+---------+-------+---------+---------+-------+---------
         Total |       0 |     158 |   0.0 |       0 |      27 |   0.0 |   528
               +---------+---------+-------+---------+---------+-------+---------
           D:1 |       0 |      30 |   0.0 |       0 |      15 |   0.0 |   306
           D:2 |       0 |      52 |   0.0 |       0 |       4 |   0.0 |    71
           D:3 |       0 |      58 |   0.0 |       0 |       6 |   0.0 |   127
           D:5 |       0 |      18 |   0.0 |       0 |       2 |   0.0 |    24
               +---------+---------+-------+---------+---------+-------+---------
